 Dungeon Crawl Stone Soup version 0.29-a0-541-gaf1fc19f1b (webtiles) character file.

Game seed: 617165977017097627

6563 grumblor the Cleaver (level 11, -2/58 HPs)
             Began as a Vine Stalker Fighter on June 3, 2022.
             Was a Priest of Sif Muna.
             Killed from afar by an electric eel (4 damage)
             ... with a bolt of electricity
             ... on level 8 of the Dungeon.
             The game lasted 00:14:37 (7645 turns).

grumblor the Cleaver (Vine Stalker Fighter)         Turns: 7645, Time: 00:14:37

Health: -2/58      AC: 22    Str: 24    XL:     11   Next: 1%
Magic:  0/15       EV:  9    Int:  8    God:    Sif Muna [***...]
Gold:   675        SH: 10    Dex: 19    Spells: 10/10 levels left

rFire   . . .      SeeInvis .   a - +1 war axe (elec)
rCold   + . .      Faith    .   z - +0 kite shield
rNeg    . . .      Spirit   +   b - +6 chain mail of the Unseen Realm {rC+}
rPois   .          Reflect  .   g - +0 helmet
rElec   .          Harm     .   q - +1 cloak
rCorr   .          Rampage  .   w - +2 pair of gloves
Will    +....                   (no boots)
Stlth   ..........              (no amulet)
HPRegen 0.99/turn               A - +6 ring of dexterity
MPRegen 0.14/turn               (no ring)

@: studying Stealth, very slow
A: fangs 3, regeneration 1, magic shield, antimagic bite, no potion heal 2
a: Renounce Religion, Channel Magic, Forget Spell


You were on level 8 of the Dungeon.
You worshipped Sif Muna.
Sif Muna was most pleased with you.
You visited 2 branches of the dungeon, and saw 9 of its levels.
You also visited: Sewer and Ossuary.

You collected 675 gold pieces.

Inventory:

Hand Weapons
 a - a +1 war axe of electrocution (weapon)
Missiles
 u - 8 poisoned darts
 x - 4 boomerangs (quivered)
Armour
 b - the +6 chain mail of the Unseen Realm (worn) {rC+}
   (You found it on level 3 of the Dungeon)

   rC:        It protects you from cold.
 g - a +0 helmet (worn)
 q - a +1 cloak (worn)
 w - a +2 pair of gloves (worn)
 z - a +0 kite shield (worn)
Jewellery
 A - a +6 ring of dexterity (left hand)
Wands
 i - a wand of mindburst (12)
 o - a wand of iceblast (8)
Scrolls
 c - a scroll of poison
 e - 5 scrolls of magic mapping
 k - 2 scrolls of blinking
 m - 6 scrolls of fog
 n - 2 scrolls of enchant weapon
 p - 4 scrolls of teleportation
 v - 3 scrolls of fear
Potions
 d - a potion of might
 f - a potion of invisibility
 h - a potion of magic
 j - 5 potions of curing
 l - 2 potions of lignification
 r - 2 potions of mutation
 D - a potion of brilliance {unknown}


   Skills:
 * Level 6.5 Fighting
 + Level 9.0 Axes
 - Level 2.0 Throwing
 + Level 5.2 Armour
 - Level 4.0 Dodging
 + Level 5.1 Shields
 * Level 5.1 Invocations
 - Level 4.0 Evocations


You had 10 spell levels left.
You didn't know any spells.
Your spell library contained the following spells:

 Spells                   Type           Power      Damage    Failure   Level
 Necrotize                Necr           0%         1d4       100%        1
 Gell's Gravitas          Tloc           0%         N/A       100%        3
 Lesser Beckoning         Tloc           0%         N/A       100%        3
 Teleport Other           Tloc           0%         N/A       100%        3
 Vampiric Draining        Necr           0%         2d6       100%        3
 Agony                    Necr           0%         N/A       100%        5


Dungeon Overview and Level Annotations

Branches:
Dungeon (8/15)             Temple (1/1) D:4            Lair (0/6) D:8
  Sewer (visited)         Ossuary (visited)

Altars:
Ashenzari
Cheibriados
Dithmenos
Elyvilon
Fedhas
Gozag
Hepliaklqana
Kikubaaqudgha
Makhleb
Nemelex Xobeh
Okawaru
Qazlal
Ru
Sif Muna
Trog
Uskayaw
Vehumet
Wu Jian
Xom
Yredelemnul
Zin
The Shining One

Shops:
D:1 !   D:6 *


Innate Abilities, Weirdness & Mutations

You have razor-sharp teeth.
Your natural rate of healing is unusually fast.
When hurt, damage is shared between your health and your magic reserves.
Your bite disrupts and absorbs the magic of your enemies.
Potions cannot restore your health.


Message History

The electric eel is severely wounded.
The electric eel shoots out a bolt of lightning at you!
The bolt of electricity hits the electric eel.
The electric eel completely resists.
The bolt of electricity hits you.
The electric eel is engulfed in a cloud of scalding steam.
You kill the electric eel!
Sif Muna accepts your kill.
You hear a splash.
The electric eel shoots out a bolt of lightning at you!
The bolt of electricity hits you.
You enter the shallow water.
Moving in this stuff is going to be slow.
Things that are here:
a +0 dagger of chaos; a +0 robe; an electric eel corpse Unknown command.
Your unstable footing causes you to fumble your attack.
The electric eel shoots out a bolt of lightning at you!
The bolt of electricity misses you. The bolt of electricity hits you!
Your unstable footing causes you to fumble your attack.
The electric eel shoots out a bolt of lightning at you!
The bolt of electricity hits you! x2
* * * LOW HITPOINT WARNING * * *
Unknown command.
Your unstable footing causes you to fumble your attack.
Unknown command.
You miss the electric eel.
The electric eel is severely wounded.
The electric eel shoots out a bolt of lightning at you!
The bolt of electricity hits you.
The bolt of electricity hits you but does no damage.
The electric eel shoots out a bolt of lightning at you!
The bolt of electricity hits you!
* * * LOW HITPOINT WARNING * * *
The bolt of electricity hits you!
* * * LOW HITPOINT WARNING * * *
You closely miss the electric eel.
The electric eel is severely wounded.
The electric eel shoots out a bolt of lightning at you!
The bolt of electricity misses you. The bolt of electricity hits you.
You die...

####... #..... #.... ##
##..≈ ≈≈ # #... ≈#≈≈≈
#..##≈≈≈≈≈≈##
#))@S#≈≈≈#≈≈#
#))#≈≈≈≈≈≈≈≈
#).##≈#≈≈#≈≈#.#
#...#≈≈≈≈≈≈#..#...#
#..)#≈#≈≈###..#...#.
#.....##≈#....#...#.
####.............#.....
...........####..#.....
#.####..#.## #.#.....


You could see an electric eel.

Vanquished Creatures
  Pikel (D:7)
  A manticore (D:7)
  A kobold demonologist (D:7)
  A troll (D:7)
  A hornet (D:8)
  3 yaks (D:8)
  Edmund (D:4)
  Menkaure (D:4)
  5 water moccasins
  3 ice beasts
  4 orc warriors
  A black bear (D:8)
  A sky beast (D:7)
  2 ogres
  A kobold brigand (D:8)
  A gnoll sergeant (D:7)
  2 necrophages
  3 bullfrogs
  7 wights
  3 scorpions
  3 howler monkeys
  6 electric eels
  2 centaur zombies (Ossuary)
  2 jellies
  Crazy Yiuf (D:7)
  6 orc priests
  2 gnoll shamans
  4 hounds
  4 iguanas
  Natasha (twice) (D:4)
  4 orc wizards
  6 mummies (Ossuary)
  Robin (D:4)
  10 gnolls
  8 adders
  5 river rats (D:3)
  2 shadow imps (D:7)
  An ufetubus (D:5)
  2 worms (D:2)
  3 dart slugs
  18 orcs
  7 ball pythons
  12 endoplasms
  5 giant cockroaches
  21 goblins
  9 hobgoblins
  8 jackals
  7 quokkas
  10 bats
  3 frilled lizards
  7 hobgoblin zombies (Ossuary)
  11 kobolds
  6 rats
241 creatures vanquished.

Vanquished Creatures (collateral kills)
  4 kobolds (D:8)
4 creatures vanquished.

Vanquished Creatures (others)
  Psyche (D:8)
  A kobold brigand (D:8)
  A white imp (D:6)
  4 kobolds (D:8)
  40 fungi (D:8)
  40 plants
87 creatures vanquished.

Grand Total: 332 creatures vanquished

Notes
Turn   | Place    | Note
-------+----------+-------------------------------------------
     0 | D:1      | grumblor the Vine Stalker Fighter began the quest for the
                  | Orb.
     0 | D:1      | Reached XP level 1. HP: 11/11 MP: 2/2
    72 | D:1      | Reached XP level 2. HP: 7/16 MP: 1/3
    74 | D:1      | Found Guleun's Distillery.
   250 | D:1      | Reached skill level 2 in Axes
   395 | D:1      | Found a faded altar of an unknown god.
   752 | D:1      | Reached XP level 3. HP: 12/20 MP: 2/4
  2250 | D:2      | Reached skill level 1 in Dodging
  2250 | D:2      | Gained mutation: Your natural rate of healing is unusually
                  | fast. [Vine Stalker growth]
  2250 | D:2      | Reached XP level 4. HP: 24/24 MP: 5/5
  2771 | D:3      | Reached XP level 5. HP: 26/28 MP: 4/6
  2901 | D:3      | Reached skill level 3 in Axes
  2973 | D:3      | Identified the +3 spear of Ydaukh {flame, rElec MP+9 Int+5}
  3084 | D:3      | Reached skill level 1 in Evocations
  3090 | D:3      | Reached XP level 6. HP: 21/32 MP: 4/7
  3096 | D:3      | Found a glowing drain.
  3104 | Sewer    | Entered a sewer
  3163 | Sewer    | Noticed a water moccasin
  3169 | Sewer    | Killed a water moccasin
  3430 | D:3      | Identified the +6 chain mail of the Unseen Realm {rC+}
  3631 | D:4      | Reached XP level 7. HP: 37/37 MP: 8/8
  3633 | D:4      | Noticed Robin
  3636 | D:4      | Reached skill level 4 in Axes
  3650 | D:4      | Killed Robin
  3730 | D:4      | Noticed Menkaure
  3735 | D:4      | Killed Menkaure
  3924 | D:4      | Noticed Natasha
  3928 | D:4      | Killed Natasha
  3936 | D:4      | Noticed Edmund
  3946 | D:4      | Killed Edmund
  4018 | D:4      | Noticed Natasha
  4021 | D:4      | Killed Natasha
  4097 | D:4      | Reached skill level 5 in Axes
  4148 | D:4      | Gained mutation: You have razor-sharp teeth. [Vine Stalker
                  | growth]
  4148 | D:4      | Reached XP level 8. HP: 40/42 MP: 9/9
  4297 | D:4      | Found a staircase to the Ecumenical Temple.
  4345 | Temple   | Entered the Ecumenical Temple
  4534 | Temple   | Became a worshipper of Sif Muna the Loreminder
  4626 | D:5      | Entered Level 5 of the Dungeon
  4986 | D:5      | Reached skill level 1 in Invocations
  5092 | D:5      | Reached skill level 1 in Throwing
  5405 | D:6      | Reached skill level 6 in Axes
  5447 | D:6      | Found Cauwnirr's Assorted Antiques.
  5493 | D:6      | Found a sand-covered staircase.
  5498 | Ossuary  | Entered an ossuary
  5504 | Ossuary  | Reached * piety under Sif Muna
  5525 | Ossuary  | Reached XP level 9. HP: 46/46 MP: 11/11
  6161 | D:7      | Reached skill level 5 in Fighting
  6196 | D:7      | Found a runed translucent door.
  6197 | D:7      | Noticed Crazy Yiuf
  6229 | D:7      | Reached skill level 7 in Axes
  6385 | D:7      | Noticed a kobold demonologist
  6394 | D:7      | Noticed an ice devil
  6397 | D:7      | Reached ** piety under Sif Muna
  6398 | D:7      | Noticed a sixfirhy
  6399 | D:7      | Killed a kobold demonologist
  6461 | D:7      | Noticed a manticore
  6472 | D:7      | Killed a manticore
  6473 | D:7      | Reached XP level 10. HP: 25/53 MP: 5/13
  7079 | D:7      | Found a sacrificial altar of Ru.
  7081 | D:7      | Noticed Pikel
  7095 | D:7      | Killed Pikel
  7096 | D:7      | Reached skill level 8 in Axes
  7299 | D:7      | Killed Crazy Yiuf
  7435 | D:8      | Reached skill level 5 in Armour
  7484 | D:8      | Reached *** piety under Sif Muna
  7509 | D:8      | Found a staircase to the Lair.
  7522 | D:8      | Reached skill level 5 in Shields
  7522 | D:8      | Reached skill level 5 in Invocations
  7621 | D:8      | Noticed Psyche
  7633 | D:8      | Killed Psyche
  7634 | D:8      | Reached skill level 9 in Axes
  7634 | D:8      | Reached XP level 11. HP: 48/58 MP: 11/15
  7644 | D:8      | HP: 1/58 [electric eel/bolt of electricity (7)]
  7645 | D:8      | Killed from afar by an electric eel

Illustrated notes

Levels and vault maps discovered:
D:1:      heliophobic_arrival_henge, layout_basic,
          chequers_ecumenical_altar_simple_redux, serial_shops, shop,
          dk_noncrumbling_3
D:2:      layout_loops_cross, kennysheep_minor_cross, minmay_vboxes
D:3:      layout_rooms, lightli_sewer_entry_pipes,
          minmay_fractal_squares_gapless_5
D:4:      layout_loops_ring, minmay_temple_entry_fiery, minmay_cut_off,
          uniq_menkaure, uniq_edmund, uniq_natasha, uniq_robin
D:5:      layout_loops_ring
D:6:      layout_cave_pools, enter_ossuary_2, minmay_hedge_maze,
          nicolae_wooded_promenade, kennysheep_nub
D:7:      layout_basic, nicolae_ru_great_annihilating_truth, serial_bayou,
          serial_bayou_crossing, serial_bayou_lake_a, serial_bayou_pond_a,
          serial_bayou_pond_d, minmay_manual_monstrance,
          uniq_crazy_yiuf_cottage, uniq_pikel
D:8:      layout_loops_ring, due_lair_maze_entry_diamond, serial_shops, shop,
          minivault_4, lemuel_old_faithful, uniq_psyche
Temple:   mainiacjoe_temple_starburst

Skill      XL: |  1  2  3  4  5  6  7  8  9 10 |
---------------+-------------------------------+-----
Axes           | 2 3 5 6 7 9 |  9.0
Fighting       | 3 4 5 6 |  6.5
Shields        | 3 5 |  5.1
Dodging        | 1 2 3 4 |  4.0
Armour         | 3 4 5 |  5.2
Evocations     | 1 2 3 4 |  4.0
Invocations    | 2 3 5 |  5.1
Throwing       | 1 2 |  2.0

Action                   |  1- 3 |  4- 6 |  7- 9 | 10-12 || total
-------------------------+-------+-------+-------+-------++-------
Melee: War axe           |    96 |   135 |   192 |   145 ||   568
       Bite              |    15 |    28 |    61 |    46 ||   150
       Hand axe          |    21 |       |       |       ||    21
Throw: Boomerang         |       |       |     4 |     1 ||     5
       Dart              |       |       |     4 |       ||     4
Evoke: Wand              |       |       |    11 |     4 ||    15
  Use: Scroll            |     4 |     9 |    10 |     2 ||    25
 Stab: Paralysed         |       |       |       |     1 ||     1
Armor: Scale mail        |    63 |    25 |       |       ||    88
       Plate armour      |       |    78 |       |       ||    78
       Chain mail        |       |     4 |   118 |    62 ||   184
Dodge: Dodged            |    38 |    75 |    81 |    40 ||   234
Block: Buckler           |    28 |    38 |    34 |       ||   100
       Kite shield       |       |       |    18 |    76 ||    94

Table legend: (Time is in decaauts)
 A = Elapsed time spent in this place.
 B = Non-inter-level travel time spent in this place.
 C = Inter-level travel time spent in this place.
 D = Time resting spent in this place.
 E = Time spent auto-exploring this place.
 F = Levels seen in this place.
 G = Mean time per level.
                   A        B        C        D        E       F      G
               +--------+--------+--------+--------+--------+-----+--------+
         Total |   7919 |   7649 |    270 |     38 |   5719 |  11 |  719.9 |
       Dungeon |   7378 |   7170 |    208 |     38 |   5434 |   8 |  922.2 |
        Temple |    250 |    189 |     61 |      0 |    169 |   1 |  250.0 |
         Sewer |    198 |    198 |      0 |      0 |     94 |   1 |  198.0 |
       Ossuary |     91 |     91 |      0 |      0 |     21 |   1 |   91.0 |
               +--------+--------+--------+--------+--------+-----+--------+

Top non-repeatable levels by time:
     D:1: 1589 daAuts
     D:7: 1462 daAuts
     D:2: 1203 daAuts
     D:3: 772 daAuts
     D:4: 771 daAuts
     D:5: 731 daAuts
     D:6: 534 daAuts
     D:8: 312 daAuts
  Temple: 250 daAuts
   Sewer: 198 daAuts
 Ossuary: 91 daAuts
